 Dungeon Crawl Stone Soup version 0.23.2-33-g5129a83184 (webtiles) character file.

Game seed: 12485598610146436629

366 kae the Spear-Bearer (level 6, -9/44 HPs)
             Began as a Merfolk Gladiator on July 26, 2019.
             Was an Initiate of Okawaru.
             Killed by divine providence
             ... invoked by an orc priest
              (10 damage)
             ... on level 4 of the Dungeon.
             The game lasted 00:02:43 (2738 turns).

kae the Spear-Bearer (Merfolk Gladiator)            Turns: 2738, Time: 00:02:44

Health: -9/44      AC: 13    Str: 15    XL:     6   Next: 68%
Magic:  8/8        EV:  5    Int:  9    God:    Okawaru [......]
Gold:   225        SH:  0    Dex: 15    Spells: 5/5 levels left

rFire    . . .     SeeInvis .   a - +0 trident
rCold    . . .     Gourm    .   (no shield)
rNeg     . . .     Faith    .   k - +1 plate armour
rPois    .         Spirit   .   c - +0 helmet
rElec    .         Reflect  .   (no cloak)
rCorr    .         Harm     .   e - +0 pair of gloves
MR       .....                  (no boots)
Stlth    ..........             (no amulet)
HPRegen  0.14/turn              (no ring)
MPRegen  0.11/turn              (no ring)

@: hasted and slowed
A: change form in water, swift swim, stealthy swim
a: Renounce Religion


You were on level 4 of the Dungeon.
You worshipped Okawaru.
Okawaru was noncommittal.
You were not hungry.

You visited 1 branch of the dungeon, and saw 4 of its levels.

You collected 225 gold pieces.

Inventory:

Hand Weapons
 a - a +0 trident (weapon)
 o - a +0 scythe
Missiles
 d - 3 throwing nets (quivered)
Armour
 b - a +0 leather armour
 c - a +0 helmet (worn)
 e - a +0 pair of gloves (worn)
 k - a +1 plate armour (worn)
Scrolls
 g - 5 scrolls of identify
 h - 3 scrolls of amnesia
Comestibles
 f - 7 rations


   Skills:
 - Level 2.2 Fighting
 * Level 9.5 Polearms
 - Level 2.0 Throwing
 - Level 4.1 Dodging
 + Level 2.7 Invocations


You had 5 spell levels left.
You didn't know any spells.
Your spell library was empty.

Dungeon Overview and Level Annotations

Branches:
Dungeon (4/15)
 Temple: D:4-7

Altars:
Okawaru
Uskayaw
Wu Jian


Message History

You miss the orc wizard.
The orc wizard is almost dead.
The orc wizard mumbles some strange words.
The orc wizard blinks!
The orc priest looks braver for a moment.
Attack whom?
Press: ? - help, Dir - move target cursor, f - orc priest
Aim: an orc priest, wielding a +0 trident You reach to attack!
You closely miss the orc priest. Something hits you but does no damage.
The orc priest hits you from afar with a +0 trident.
* * * LOW HITPOINT WARNING * * *
You hear some strange, mumbled words.
A puff of flame appears from out of thin air!
The puff of flame hits you!
* * * LOW HITPOINT WARNING * * *
You feel yourself speed up.
The orc priest invokes the aid of Beogh against you.
Beogh smites you!
You die...

###.## # #.o
########.## #. #.o
.##......#.## #.##..
..........## ..P.o
#......#.#♣ .PP.
#.......... ♣..
#########....♣.♣
♣.o###.....###.......
♣.o.@......+......♣.♣
#...####.....###.......
### #....)###.......
#.........######
#.........# ####......#
#......# #>.....#
#......#


You could see an orc priest and an orc.

Vanquished Creatures
  Sigmund (D:3)
  An ogre (D:4)
  6 adders
  An ooze (D:1)
  An adder skeleton (D:4)
  5 dart slugs
  2 orcs (D:3)
  4 bats
  8 goblins
  8 hobgoblins
  3 jackals (D:2)
  4 kobolds
  A quokka (D:3)
  11 frilled lizards
  5 rats
61 creatures vanquished.

Notes
Turn   | Place    | Note
-------+----------+-------------------------------------------
     0 | D:1      | kae the Merfolk Gladiator began the quest for the Orb.
     0 | D:1      | Reached XP level 1. HP: 16/16 MP: 1/1
    63 | D:1      | Reached skill level 5 in Polearms
    63 | D:1      | Reached XP level 2. HP: 22/22 MP: 2/2
   340 | D:1      | Reached XP level 3. HP: 26/27 MP: 3/3
   722 | D:1      | Reached skill level 6 in Polearms
   836 | D:2      | Reached XP level 4. HP: 33/33 MP: 4/4
   916 | D:2      | Reached skill level 7 in Polearms
  1123 | D:2      | Found an ornate altar of the Wu Jian Council.
  1325 | D:2      | Found a hide-covered altar of Uskayaw.
  1728 | D:3      | Found an iron altar of Okawaru.
  1766 | D:3      | Became a worshipper of Warmaster Okawaru
  1796 | D:3      | Reached XP level 5. HP: 36/38 MP: 5/5
  2210 | D:3      | Noticed Sigmund
  2229 | D:3      | Killed Sigmund
  2229 | D:3      | Reached skill level 9 in Polearms
  2229 | D:3      | Reached XP level 6. HP: 39/44 MP: 5/7
  2737 | D:4      | HP: 1/44 [something/puff of flame (10)]
  2738 | D:4      | Killed from afar by an orc priest

Skill      XL: |  1  2  3  4  5 |
---------------+----------------+-----
Polearms       | 5 6 7 9 |  9.5
Invocations    | 2 |  2.7
Fighting       | |  2.2
Throwing       | |  2.0
Dodging        | |  4.1

Action                   |  1- 3 |  4- 6 || total
-------------------------+-------+-------++-------
Melee: Trident           |    88 |   158 ||   246
  Use: Scroll            |     2 |     5 ||     7
       Potion            |       |     2 ||     2
 Stab: Sleeping          |     1 |       ||     1
  Eat: Chunk             |       |     6 ||     6
Armor: Leather armour    |    22 |    18 ||    40
       Plate armour      |       |    28 ||    28
Dodge: Dodged            |    39 |    62 ||   101
